 Seeded DCSS version 0.31-a0-703-gcfe89afef6 (webtiles) character file.

Game seed: 5017591152642433436 (custom seed)

2240 bmack86 the Cleaver (level 9, -4/70 HPs)
             Began as a Minotaur Fighter on Sept 8, 2023.
             Was a Priest of Okawaru.
             Slain by a shadow imp (5 damage)
             ... on level 7 of the Dungeon.
             The game lasted 00:09:57 (5286 turns).

bmack86 the Cleaver (Minotaur Fighter)              Turns: 5286, Time: 00:09:57

Health: -4/70      AC: 14    Str: 24    XL:     9   Next: 14%
Magic:  0/12       EV: 10    Int:  5    God:    Okawaru [***...]
Gold:   368        SH: 14    Dex: 11    Spells: 8/8 levels left

rFire   . . .        x - +1 war axe (flame)
rCold   . . .        c - +0 buckler
rNeg    . . .        f - +0 chain mail
rPois   .            (helmet restricted)
rElec   .            (no cloak)
rCorr   .            (no gloves)
SInv    .            q - +2 pair of boots
Will    .....        e - brooch of Shielding {Spirit SH+8} Stlth
                     p - ring of flight
HPRegen 0.31/turn    (no ring)
MPRegen 0.13/turn

%: guardian spirit
@: lethally poisoned (-4 -> -6), heroic, flying
A: horns 2, retaliatory headbutt
a: Renounce Religion, Heroism


You were on level 7 of the Dungeon.
You worshipped Okawaru.
Okawaru was most pleased with you.
You visited 2 branches of the dungeon, and saw 8 of its levels.

You collected 368 gold pieces.

Inventory:

Hand Weapons
 a - a +0 heavy war axe
 x - a +1 war axe of flaming (weapon)
Missiles
 t - a throwing net
Armour
 b - a +0 scale mail
 c - a +0 buckler (worn)
 f - a +0 chain mail (worn)
 q - a +2 pair of boots (worn)
Jewellery
 e - the brooch of Shielding (around neck) {Spirit SH+8}
   (You acquired it on level 2 of the Dungeon)

   [amulet of guardian spirit]

   Spirit:    It causes incoming damage to be divided between your reserves of
   health and magic.
   SH+8:      It affects your SH (+8).
 n - an amulet of magic regeneration
 p - a ring of flight (left hand)
Wands
 i - a wand of flame (21) (quivered)
 s - a wand of mindburst (13)
Scrolls
 g - a scroll of enchant armour {unknown}
 h - a scroll of silence
 k - a scroll of vulnerability {unknown}
 l - a scroll of fog
 o - 2 scrolls of amnesia
 w - a scroll of poison
Potions
 d - a potion of mutation
 j - 4 potions of curing
 m - a potion of magic
 r - a potion of enlightenment
 u - 2 potions of lignification {unknown}


   Skills:
 - Level 3.6(8.6) Fighting
 * Level 11.9(16.9) Axes
 - Level 3.6(8.6) Armour
 - Level 5.0(10.0) Shields
 + Level 6.4 Invocations


You had 8 spell levels left.
You didn't know any spells.
Your spell library contained the following spells:

 Spells                   Type           Power      Damage    Failure   Level
 Apportation              Tloc           0%         N/A       95%         1
 Cigotuvi's Dreadful Rot  Necr/Pois/Air  0%         N/A       99%         2
 Jinxbite                 Hex            0%         N/A       99%         2
 Ignite Poison            Fire/Tmut/Pois 0%         N/A       100%        3
 Alistair's Intoxication  Tmut/Pois      0%         N/A       100%        5
 Freezing Cloud           Conj/Ice/Air   0%         6-21      100%        5
 Summon Small Mammal      Summ           Unusable   N/A       N/A         1
 Call Canine Familiar     Summ           Unusable   N/A       N/A         3
 Summon Guardian Golem    Hex/Summ       Unusable   N/A       N/A         3

Dungeon Overview and Level Annotations

Branches:
Dungeon (7/15)             Temple (1/1) D:5

Altars:
Ashenzari
Cheibriados
Dithmenos
Elyvilon
Fedhas
Gozag
Hepliaklqana
Kikubaaqudgha
Nemelex Xobeh
Okawaru
Sif Muna
Trog
Uskayaw
Vehumet
Wu Jian
Yredelemnul
The Shining One

Shops:
D:3 [


Innate Abilities, Weirdness & Mutations

You have a pair of horns on your head.
You reflexively headbutt those who attack you in melee.


Message History

The killer bee poisons you!
You see here a killer bee corpse.
Okay, then.
You feel better. The killer bee stings you!
* * * LOW HITPOINT WARNING * * *
You block the killer bee's attack. The shadow imp barely misses you.
You block the steam dragon's attack. x2
The killer bee stings you but does no damage.
The killer bee barely misses you.
The killer bee stings you but does no damage.
You block the killer bee's attack.
The killer bee attacks as it pursues you!
The killer bee closely misses you.
The shadow imp attacks as it pursues you!
The shadow imp hits you but does no damage.
The killer bee closely misses you. The killer bee stings you.
* * * LOW HITPOINT WARNING * * *
You are poisoned.
The killer bee poisons you! The water moccasin closely misses you.
You feel sick.
The killer bee stings you but does no damage.
The shadow imp gestures at you. Pain shoots through your body!
* * * LOW HITPOINT WARNING * * *
You block the water moccasin's attack.
There is a stone staircase leading down here.
You feel sick. You block the killer bee's attack. x2
You block the water moccasin's attack. The killer bee barely misses you.
You furiously retaliate!
You headbutt the killer bee. The shadow imp closely misses you.
The killer bee stings you but does no damage. x2
The water moccasin bites you.
* * * LOW HITPOINT WARNING * * *
You can no longer speed up your combat.
You feel sick. You block the killer bee's attack.
The killer bee stings you but does no damage.
You block the killer bee's attack. The killer bee stings you.
* * * LOW HITPOINT WARNING * * *
The shadow imp hits you.
You die...

.........#
######....#.#
#........<...##
..............##
)..............#
...............#.
.................#
........yy.......#
≈≈≈≈≈≈:yy@.........
≈≈≈≈...†S5D.....#...
_....8........#.....
≈≈≈≈.........##...
≈≈≈≈≈≈............
....?...........
................#
...............##
.............#..


You could see a steam dragon, a water moccasin, 4 killer bees and a shadow imp.

Vanquished Creatures
  Pikel (D:6)
  2 water moccasins (D:5)
  2 ice beasts (D:5)
  An ogre (D:5)
  2 centaurs (D:6)
  2 lemures (D:6)
  Blork the orc (D:4)
  A bullfrog (D:6)
  4 necrophages (D:4)
  5 scorpions
  A howler monkey (D:5)
  A hound (D:6)
  2 orc priests (D:4)
  A jelly (D:6)
  Natasha (twice) (D:2)
  3 scorpion zombies (D:4)
  4 iguanas
  4 adders
  An adder zombie (D:4)
  9 orcs
  4 bats
  8 endoplasms
  3 giant cockroaches
  6 goblins
  4 hobgoblins
  7 jackals
  5 kobolds
  4 quokkas
  4 ball pythons
  3 frilled lizards
  3 rats (D:1)
100 creatures vanquished.

Vanquished Creatures (others)
  A killer bee (D:7)
1 creature vanquished.

Grand Total: 101 creatures vanquished

Notes
Turn   | Place    | Note
-------+----------+-------------------------------------------
     0 | D:1      | bmack86 the Minotaur Fighter began the quest for the Orb.
     0 | D:1      | Reached XP level 1. HP: 19/19 MP: 0/0
   198 | D:1      | Reached XP level 2. HP: 15/26 MP: 1/1
   758 | D:2      | Identified a scroll of acquirement
   758 | D:2      | Acquired the brooch of Shielding {Spirit SH+8}
   758 | D:2      | Found the brooch of Shielding {Spirit SH+8}
   768 | D:2      | Identified the +1 helmet "Weubel" {rC+ Will- Int+4 Slay-3}
   815 | D:2      | Reached skill level 3 in Axes
   827 | D:2      | Found a faded altar of an unknown god.
  1057 | D:2      | Reached XP level 3. HP: 31/31 MP: 2/2
  1268 | D:2      | Noticed Natasha
  1282 | D:2      | Killed Natasha
  1283 | D:2      | Reached skill level 4 in Axes
  1283 | D:2      | Reached skill level 5 in Shields
  1283 | D:2      | Reached XP level 4. HP: 25/39 MP: 1/3
  1629 | D:2      | Noticed Natasha
  1635 | D:2      | Killed Natasha
  1818 | D:3      | Found an ancient bone altar of Kikubaaqudgha.
  1888 | D:3      | Found an iron altar of Okawaru.
  1892 | D:3      | Became a worshipper of Warmaster Okawaru
  1950 | D:3      | Found a broken altar of Ashenzari.
  1969 | D:3      | Found Erhownepn's Armour Emporium.
  1969 | D:3      | Noticed an animated plate armour
  1970 | D:3      | Noticed an animated crystal plate armour
  2170 | D:3      | Found a basalt altar of Yredelemnul.
  2315 | D:4      | Noticed a scorpion
  2321 | D:4      | Killed a scorpion
  2322 | D:4      | Reached skill level 5 in Axes
  2322 | D:4      | Reached skill level 1 in Invocations
  2322 | D:4      | Reached XP level 5. HP: 45/45 MP: 4/4
  2333 | D:4      | Found an ornate altar of the Wu Jian Council.
  2490 | D:4      | Reached skill level 6 in Axes
  2495 | D:4      | Reached XP level 6. HP: 20/51 MP: 3/6
  2502 | D:4      | Reached * piety under Okawaru
  2621 | D:4      | Found a hide-covered altar of Uskayaw.
  2621 | D:4      | Noticed a +0 dagger
  2723 | D:4      | Noticed Blork the orc
  2723 | D:4      | Noticed a +0 hand axe
  2734 | D:4      | Killed Blork the orc
  3144 | D:4      | Found a glowing golden altar of the Shining One.
  3155 | D:4      | Reached skill level 7 in Axes
  3237 | D:4      | Found a blossoming altar of Fedhas.
  3450 | D:4      | Reached XP level 7. HP: 53/57 MP: 8/8
  3459 | D:4      | Reached skill level 8 in Axes
  3513 | D:5      | Entered Level 5 of the Dungeon
  3660 | D:5      | Found a staircase to the Ecumenical Temple.
  3681 | D:5      | Reached ** piety under Okawaru
  3689 | D:5      | Reached skill level 9 in Axes
  3689 | D:5      | Reached XP level 8. HP: 39/64 MP: 3/10
  3717 | D:5      | Reached skill level 5 in Invocations
  3727 | Temple   | Entered the Ecumenical Temple
  3991 | D:5      | Found a white marble altar of Elyvilon.
  4022 | D:5      | Reached skill level 10 in Axes
  4452 | D:6      | Reached *** piety under Okawaru
  4521 | D:6      | Reached skill level 11 in Axes
  4835 | D:6      | Found a radiant altar of Vehumet.
  4912 | D:6      | Noticed Pikel
  4923 | D:6      | Killed Pikel
  4923 | D:6      | Reached **** piety under Okawaru
  4924 | D:6      | Reached XP level 9. HP: 69/70 MP: 9/12
  5281 | D:7      | Found a hazy altar of Hepliaklqana.
  5286 | D:7      | HP: 1/70 [killer bee (4)]
  5286 | D:7      | Slain by a shadow imp

Illustrated notes

Levels and vault maps discovered:
D:1:      eino_arrival_water_star, layout_loops_ring
D:2:      layout_basic, shapermc_ecumenical_altar_mp_urbaneastern, uniq_natasha
D:3:      layout_basic, nicolae_overflow_crystal_walls, marbit_many_paths,
          mainiacjoe_overflow_24_doors, mainiacjoe_overflow_paths, serial_shops,
          nicolae_shop_mannequins
D:4:      layout_layer_cave, dancing_weapons_uskayaw,
          mainiacjoe_overflow_small_starburst, overflow_temple_1_default,
          fedhas_altar_decomposition, uniq_blork_the_orc
D:5:      layout_basic, amcnicky_altar_gilded, minmay_temple_entry_junction
D:6:      layout_cave_pods, nicolae_overflow_hidden_temple,
          kennysheep_generic_room_2, uniq_pikel
D:7:      layout_rooms, doesnt_xom_only_xom, lemuel_coloured_pillars_altar,
          mainiacjoe_overflow_catwalk, serial_shops, shop,
          gammafunk_ghost_cemetery, kennysheep_generic_room_8
Temple:   hellmonk_temple_rainy

Skill      XL: |  1  2  3  4  5  6  7  8 |
---------------+-------------------------+-----
Shields        | 4 5 |  5.0
Axes           | 3 4 5 6 7 9 11 | 11.9
Invocations    | 1 2 3 4 6 |  6.4
Fighting       | |  3.6
Armour         | |  3.6

Action                     |  1- 3 |  4- 6 |  7- 9 || total
---------------------------+-------+-------+-------++-------
  Melee: War axe           |    71 |   114 |    99 ||   284
         Headbutt          |    11 |    14 |    19 ||    44
 Invoke: Heroism           |       |       |     3 ||     3
  Evoke: Wand              |       |       |     1 ||     1
    Use: Scroll            |     1 |     7 |     5 ||    13
         Potion            |       |     1 |     1 ||     2
 Armour: Scale mail        |    18 |       |       ||    18
         Chain mail        |    38 |    42 |    84 ||   164
  Dodge: Dodged            |    28 |    31 |    45 ||   104
  Block: Buckler           |    39 |    65 |   102 ||   206

Table legend: (Time is in decaauts)
 A = Elapsed time spent in this place.
 B = Non-inter-level travel time spent in this place.
 C = Inter-level travel time spent in this place.
 D = Time resting spent in this place.
 E = Time spent auto-exploring this place.
 F = Levels seen in this place.
 G = Mean time per level.
                   A        B        C        D        E       F      G
               +--------+--------+--------+--------+--------+-----+--------+
         Total |   5341 |   5098 |    243 |    124 |   3955 |   8 |  667.6 |
       Dungeon |   5216 |   4973 |    243 |      0 |   3955 |   7 |  745.1 |
        Temple |    125 |    125 |      0 |    124 |      0 |   1 |  125.0 |
               +--------+--------+--------+--------+--------+-----+--------+

Top non-repeatable levels by time:
     D:4: 1235 daAuts
     D:2: 1066 daAuts
     D:6: 945 daAuts
     D:1: 770 daAuts
     D:5: 680 daAuts
     D:3: 497 daAuts
  Temple: 125 daAuts
     D:7: 18 daAuts
